 Dungeon Crawl Stone Soup version 0.22.0-38-g04b72b8c25 (webtiles) character file.

30 LLavrengius the Insei (level 3, -2/24 HPs)
             Began as an Octopode Transmuter on Aug 27, 2018.
             Succumbed to Terence's poison
             ... on level 2 of the Dungeon.
             The game lasted 00:04:03 (1089 turns).

LLavrengius the Insei (Octopode Transmuter)         Turns: 1089, Time: 00:04:03

Health: -2/24      AC:  1    Str:  9    XL:     3   Next: 20%
Magic:  6/6        EV: 13    Int: 16    God:
Gold:   52         SH:  0    Dex: 12    Spells: 0/6 levels left

rFire    . . .     SeeInvis .     - Unarmed
rCold    . . .     Gourm    .   (no shield)
rNeg     . . .     Faith    .   (helmet restricted)
rPois    .         Spirit   .   (no amulet)
rElec    .         Reflect  .   (no ring)
rCorr    .         Harm     .   (no ring)
MR       .....                  (no ring)
Stlth    ++........             (no ring)
HPRegen  0.08/turn              (no ring)
MPRegen  0.10/turn              (no ring)
                                (no ring)
                                (no ring)

@: lethally poisoned (-2 -> -38), appendage (expiring)
A: almost no armour, stealthy swim, amphibious, 8 rings, constrict 8, tentacle
spike 3, camouflage 1, gelatinous body 1
a: End Transformation


You were on level 2 of the Dungeon.
You were hungry.
One of your tentacles had a temporary spike.
You visited 1 branch of the dungeon, and saw 2 of its levels.

You collected 52 gold pieces.

Inventory:

Missiles
 a - 30 arrows
Armour
 i - a +0 shield
Scrolls
 b - 3 scrolls of remove curse {unknown}
 d - 2 scrolls of identify {unknown}
 e - 2 scrolls of fog {unknown}
Potions
 g - a potion of ambrosia {unknown}
 h - a potion of curing {unknown}
Comestibles
 c - 2 rations
 f - 2 chunks of flesh


   Skills:
 + Level 2.2 Fighting
 - Level 2.0 Dodging
 - Level 3.0 Unarmed Combat
 - Level 2.0 Spellcasting
 + Level 2.8 Transmutations
 + Level 0.1 Poison Magic


You couldn't memorise any spells.
You knew the following spells:

 Your Spells              Type           Power        Failure   Level  Hunger
a - Beastly Appendage     Tmut           ##....       6%          1    #......
b - Sticks to Snakes      Tmut           ##......     10%         2    ###....
c - Spider Form           Tmut/Pois      #.........   32%         3    ###....

Your spell library contained the following spells:

 Spells                   Type           Power        Failure   Level  Hunger
 Ice Form                 Ice/Tmut       #.......     75%         4    #####..
 Blade Hands              Tmut           ##........   87%         5    ######.


Dungeon Overview and Level Annotations

Branches:
Dungeon (2/15)

Altars:
Gozag

Annotations:
D:2 Terence


Innate Abilities, Weirdness & Mutations

You cannot wear most types of armour.
You are very stealthy in the water. (Stealth+)
You are amphibious.
You can wear up to eight rings at the same time.
You can use your tentacles to constrict eight enemies at once.
Your skin changes colour to match your surroundings (Stealth+).
Your rubbery body absorbs attacks. (AC +1, EV +1)
One of your tentacles bears a large vicious spike.


Message History

You tentacle-slap Terence.
Terence is almost dead.
You constrict Terence.
You feel sick.
Terence drinks a potion.
Terence is healed!
You tentacle-slap Terence but do no damage.
You constrict Terence, but do no damage.
You feel sick.
You tentacle-slap Terence.
You pierce Terence.
Terence is lightly wounded.
You constrict Terence, but do no damage.
You feel sick.
Terence hits you with a short sword of venom!
* * * LOW HITPOINT WARNING * * *
You are more poisoned.
Unknown command.
You tentacle-slap Terence.
You tentacle-slap Terence, but do no damage.
Terence is moderately wounded.
You constrict Terence.
You die...

.#.# .#.# .#.#
.#.####### ########
##.......####......#
...................+
<#.......####......#
##.......# #......#
.........# #...@..#
########## #....@.#
####################
#............###
...............
#.....†......#
.............#
#............#
##...........#


You could see Terence.

Vanquished Creatures
  An adder (D:2)
  A dart slug (D:2)
  A leopard gecko (D:2)
  A bat (D:2)
  2 giant cockroaches
  3 goblins
  3 hobgoblins
  2 frilled lizards (D:2)
  3 kobolds
  A rat (D:1)
18 creatures vanquished.

Notes
Turn   | Place    | Note
-------+----------+-------------------------------------------
     0 | D:1      | LLavrengius the Octopode Transmuter began the quest for the Orb.
     0 | D:1      | Reached XP level 1. HP: 13/13 MP: 3/3
   345 | D:1      | Reached XP level 2. HP: 14/18 MP: 5/5
   869 | D:2      | Reached XP level 3. HP: 24/24 MP: 6/6
   878 | D:2      | Learned a level 2 spell: Sticks to Snakes
   882 | D:2      | Learned a level 3 spell: Spider Form
   894 | D:2      | Found an opulent altar of Gozag.
  1073 | D:2      | Noticed Terence
  1088 | D:2      | HP: 1/24 [Terence/short sword of venom (9)]
  1089 | D:2      | Succumbed to Terence's poison

Skill      XL: |  1  2 |
---------------+-------+-----
Fighting       | 2 |  2.2
Dodging        | |  2.0
Unarmed Combat | |  3.0
Spellcasting   | |  2.0
Transmutations | |  2.8
Poison Magic   | |  0.1

Action                   || total
-------------------------++-------
Melee: Unarmed           ||    49
       Constrict         ||    13
       Tentacles         ||     5
       Kick              ||     5
       Punch             ||     1
 Cast: Beastly Appendage ||     3
 Stab: Sleeping          ||     4
Armor: Skin              ||     3
Dodge: Dodged            ||    19
